[Event "Grandmaster Triathlon (GM1)"]
[Site "Biel, CH"]
[Date "2025.07.24"]
[Round "23"]
[White "Fedoseev, Vladimir"]
[Black "Salem, A.R. Saleh"]
[Result "1-0"]
[Board "2"]
[TimeControl "40/7200+30:1800+30"]
[WhiteFideId "24130737"]
[BlackFideId "9301348"]
[WhiteTitle "GM"]
[BlackTitle "GM"]
[WhiteElo "2739"]
[BlackElo "2627"]
[WhiteTeam "SLO"]
[BlackTeam "UAE"]
[WhiteClock "0:43:27"]
[BlackClock "0:09:26"]
[Variant "Standard"]

1. d4 Nf6 2. c4 g6 3. Nc3 d5 4. Bg5 Ne4 5. cxd5 Nxg5 6. h4 Ne4 7. Nxe4 Qxd5 8. Nc3 Qa5 9. h5 Bg7 10. h6 Bf6 11. Qd2 O-O 12. Nf3 Rd8 13. e3 c5 14. d5 Nd7 15. Be2 Nb6 16. e4 Bg4 17. Rc1 Bxf3 18. gxf3 e6 19. Qf4 Bd4 20. O-O exd5 21. Nb5 dxe4 22. Nxd4 cxd4 23. fxe4 Qb4 24. Rc7 Rd7 25. Rfc1 d3 26. Bxd3 Qxb2 27. a4 Rf8 28. R7c3 Rfd8 29. Qf6 Kf8 30. Bb5 Rd1+ 31. Kg2 Qb4 32. Rf3 1-0